 Dungeon Crawl Stone Soup version 0.23.0-3-gf3c87f2 (webtiles) character file.

Game seed: 6583447932514336526

154 Borgoz the Sneak (level 5, -2/42 HPs)
             Began as a Ghoul Assassin on Feb 24, 2019.
             Slain by a river rat (6 damage)
             ... in a sewer.
             The game lasted 00:06:01 (2873 turns).

Borgoz the Sneak (Ghoul Assassin)                   Turns: 2873, Time: 00:06:02

Health: -2/42      AC:  6    Str: 15    XL:     5   Next: 35%
Magic:  4/4        EV: 12    Int:  7    God:
Gold:   111        SH:  0    Dex: 10    Spells: 4/4 levels left

rFire    . . .     SeeInvis .   a - +2 dagger
rCold    + . .     Gourm    .   (no shield)
rNeg     + + +     Faith    .   c - +0 robe
rPois    ∞         Spirit   .   s - +2 helmet
rElec    .         Reflect  .   d - +0 cloak
rCorr    .         Harm     .   (no gloves)
MR       .....                  (no boots)
Stlth    +++.......             (no amulet)
HPRegen  0.00/turn              (no ring)
MPRegen  0.09/turn              (no ring)

@: rotting
A: rotting body, claws 1, carnivore, cold resistance 1, negative energy
resistance 3, inhibited regeneration, torment resistance, unbreathing
a: no special abilities


You were in a sewer.
You were not hungry.

You visited 1 branch of the dungeon, and saw 4 of its levels.
You also visited: Sewer.

You collected 111 gold pieces.

Inventory:

Hand Weapons
 a - a +2 dagger (weapon)
 b - a +0 blowgun
 h - a +1 dagger of freezing
Missiles
 e - 8 poisoned needles
 f - 2 curare-tipped needles
Armour
 c - a +0 robe (worn)
 d - a +0 cloak (worn)
 s - a +2 helmet (worn)
Scrolls
 k - a scroll of remove curse
 l - 2 scrolls of blinking
 n - a scroll of teleportation
 p - a scroll of fog
Potions
 i - a potion of heal wounds
 m - 2 potions of haste
Comestibles
 g - 5 rations


   Skills:
 + Level 2.6 Fighting
 + Level 2.8 Short Blades
 + Level 1.9 Throwing
 + Level 2.3 Dodging
 + Level 5.8 Stealth


You had 4 spell levels left.
You didn't know any spells.
Your spell library was empty.

Dungeon Overview and Level Annotations

Branches:
Dungeon (4/15)
 Temple: D:4-7

Altars:
Trog
The Shining One

Annotations:
D:3 Grinder, Natasha


Innate Abilities, Weirdness & Mutations

Your body is rotting away.
You thrive on raw meat.
You are immune to poison.
You have sharp fingernails.
You are carnivorous and can eat meat at any time.
Your flesh is cold resistant. (rC+)
You are immune to negative energy. (rN+++)
You do not regenerate when monsters are visible.
You are immune to unholy pain and torment.
You can survive without breathing.


Message History

The rat misses you.
The river rat bites you but does no damage.
Unknown command.
You hit the river rat.
The river rat is heavily wounded.
The river rat misses you. The rat barely misses you.
The rat bites you but does no damage. The river rat misses you.
You closely miss the river rat.
The river rat is heavily wounded.
The river rat closely misses you. The rat completely misses you.
The rat misses you. The river rat misses you.
You hit the river rat.
The river rat is heavily wounded.
The river rat closely misses you. The rat barely misses you. x2
You hit the river rat but do no damage.
The river rat is heavily wounded.
The river rat bites you!
* * * LOW HITPOINT WARNING * * *
The river rat bites you.
You die...

##...## #...#####
#...÷'..# #....#÷.#
##...####
#....####################
#......≈≈≈≈≈≈≈≈≈≈≈≈≈≈≈..#
#......≈≈≈≈≈≈≈≈.r≈≈≈≈≈≈..
#.....≈≈≈≈≈≈≈≈.@r≈≈≈≈≈.r.
##.....≈≈≈≈≈≈≈≈rr≈≈≈≈≈≈..
##....≈≈≈≈≈≈≈≈.≈≈≈≈≈≈.r.
###..≈≈≈≈≈≈≈≈≈≈≈≈≈≈≈...
####################.


You could see 2 river rats and 2 rats.

Vanquished Creatures
  6 adders
  3 river rats (Sewer)
  An ooze (Sewer)
  A worm (D:4)
  A leopard gecko (D:1)
  7 bats (D:1)
  5 giant cockroaches
  10 goblins
  5 hobgoblins
  4 jackals (D:1)
  3 kobolds (D:1)
  3 ball pythons
  A frilled lizard (D:1)
  A quokka skeleton (D:4)
  21 rats
72 creatures vanquished.

Notes
Turn   | Place    | Note
-------+----------+-------------------------------------------
     0 | D:1      | Borgoz the Ghoul Assassin began the quest for the Orb.
     0 | D:1      | Reached XP level 1. HP: 17/17 MP: 0/0
    99 | D:1      | Reached skill level 1 in Dodging
   210 | D:1      | Reached XP level 2. HP: 23/23 MP: 1/1
   281 | D:1      | Reached skill level 5 in Stealth
   620 | D:1      | Reached XP level 3. HP: 22/29 MP: 2/2
   675 | D:1      | Found a glowing golden altar of the Shining One.
  1258 | D:2      | Reached XP level 4. HP: 24/36 MP: 3/3
  1622 | D:3      | Noticed Natasha
  1831 | D:3      | Found a bloodstained altar of Trog.
  1865 | D:3      | Noticed Grinder
  1876 | D:3      | Paralysed by Grinder for 5 turns
  1894 | D:3      | Paralysed by Grinder for 3 turns
  1903 | D:3      | Paralysed by Grinder for 5 turns
  2226 | D:4      | Found a glowing drain.
  2277 | Sewer    | Entered a sewer
  2559 | Sewer    | Reached XP level 5. HP: 42/42 MP: 4/4
  2873 | Sewer    | Slain by a river rat

Skill      XL: |  1  2  3  4  5 |
---------------+----------------+-----
Dodging        | 1 2 |  2.3
Stealth        | 5 |  5.8
Short Blades   | 2 |  2.8
Fighting       | |  2.6
Throwing       | |  1.9

Action                   |  1- 3 |  4- 6 || total
-------------------------+-------+-------++-------
Melee: Dagger            |   137 |   207 ||   344
  Use: Potion            |       |     5 ||     5
       Scroll            |       |     6 ||     6
 Stab: Sleeping          |    12 |     2 ||    14
       Distracted        |     1 |       ||     1
  Eat: Chunk             |     7 |    18 ||    25
Armor: Robe              |    37 |    79 ||   116
Dodge: Dodged            |    79 |   158 ||   237
